 Dungeon Crawl Stone Soup version 0.25-a0-503-ge281fa673e (webtiles) character file.

Game seed: 16624210787401022686, levelgen mode: deterministic

109 drasked the Magician (level 4, -4/30 HPs)
             Began as a Mummy Wizard on Feb 13, 2020.
             Slain by a centaur
             ... wielding a cursed -1 shortbow
              (5 damage)
             ... on level 3 of the Dungeon.
             The game lasted 00:08:06 (2285 turns).

drasked the Magician (Mummy Wizard)                 Turns: 2285, Time: 00:08:06

Health: -4/30      AC:  7    Str: 10    XL:     4   Next: 60%
Magic:  8/10       EV: 12    Int: 18    God:
Gold:   115        SH:  0    Dex: 10    Spells: 10/11 levels left

rFire    x . .     SeeInvis .   q - +0 rapier
rCold    + . .     Gourm    .   (no shield)
rNeg     + + +     Faith    .   k - +0 robe (curse)
rPois    ∞         Spirit   .   b - +0 hat
rElec    .         Reflect  .   (no cloak)
rCorr    .         Harm     .   (no gloves)
MR       .....                  j - +0 pair of boots (curse)
Stlth    ++........             e - amulet of magic regeneration
HPRegen  0.10/turn              g - +4 ring of protection
MPRegen  0.37/turn              (no ring)

@: very slightly contaminated
A: no food or potions, fire vulnerability, cold resistance 1, negative energy
resistance 3, torment resistance, unbreathing
a: no special abilities


You were on level 3 of the Dungeon.
You were not hungry.

You visited 1 branch of the dungeon, and saw 3 of its levels.

You collected 115 gold pieces.

Inventory:

Hand Weapons
 q - a +0 rapier (weapon)
   (You found it on level 2 of the Dungeon)
Missiles
 i - 6 javelins
 n - a throwing net {=f, !d=f}
 r - 10 poisoned darts
 Q - 60 stones (quivered)
Armour
 b - a +0 hat (worn)
 j - a cursed +0 pair of boots (worn)
   (You found it on level 1 of the Dungeon)
 k - a cursed +0 robe (worn)
   (You found it on level 1 of the Dungeon)
Jewellery
 e - an amulet of magic regeneration (around neck)
   (You found it on level 1 of the Dungeon)
 f - an uncursed ring of protection from cold {unknown}
   (You found it on level 3 of the Dungeon)
 g - a +4 ring of protection (left hand)
   (You found it on level 1 of the Dungeon)
 s - an uncursed ring of protection from magic {unknown}
   (You found it on level 3 of the Dungeon)
Scrolls
 a - 3 scrolls of teleportation {unknown}
 c - 5 scrolls of identify {unknown}
 d - a scroll of blinking {unknown}
 h - 2 scrolls of amnesia {unknown}
 l - 3 scrolls of fear {unknown}
 m - a scroll of fog {unknown}
 o - 2 scrolls of noise {unknown}
 p - 3 scrolls of immolation {unknown}
 t - 2 scrolls of enchant weapon {unknown}


   Skills:
 - Level 1.5 Dodging
 - Level 1.5 Stealth
 - Level 4.0 Spellcasting
 + Level 3.7 Conjurations
   Level 0.7 Summonings
   Level 0.7 Translocations


You had 10 spell levels left.
You knew the following spells:

 Your Spells              Type           Power        Failure   Level  Hunger
a - Magic Dart            Conj           ###.         3%          1    N/A

Your spell library contained the following spells:

 Spells                   Type           Power        Failure   Level  Hunger
 Blink                    Tloc           N/A          17%         2    N/A
 Call Imp                 Summ           #.......     17%         2    N/A
 Conjure Flame            Conj/Fire      ##......     21%         3    N/A
 Slow                     Hex            #.......     22%         2    N/A
 Mephitic Cloud           Conj/Pois/Air  #.......     26%         3    N/A

Dungeon Overview and Level Annotations

Branches:
Dungeon (3/15)

Altars:


Innate Abilities, Weirdness & Mutations

You do not eat or drink.
Your flesh is vulnerable to fire.
You are immune to poison.
Your flesh is cold resistant. (rC+)
You are immune to negative energy. (rN+++)
You are immune to unholy pain and torment.
You can survive without breathing.


Message History

The magic dart hits the orc.
You kill the orc!
Aim: a hobgoblin The magic dart hits the hobgoblin.
Aim: a hobgoblin (moderately wounded)
The magic dart hits the hobgoblin.
You kill the hobgoblin!
* * * LOW MAGIC WARNING * * *
You start resting.
An orc comes into view.
Aim: an orc (hasn't noticed you)
The magic dart hits the orc.
The orc shouts!
You hear a shout!
Aim: an orc (heavily wounded)
The magic dart hits the orc.
You kill the orc!
You start resting.
Aim: an orc wizard, wielding a +0 dagger and wearing a +0 robe The magic dart hits the orc wizard.
The orc wizard gestures wildly while chanting.
The orc wizard seems to speed up.
Aim: an orc wizard, wielding a +0 dagger and wearing a +0 robe (lightly wounded, fast)
The magic dart hits the orc wizard.
The orc wizard casts a spell.
The orc wizard blinks!
Aim: an orc wizard, wielding a +0 dagger and wearing a +0 robe (heavily wounded, fast)
The magic dart hits the orc wizard.
Aim: an orc wizard, wielding a +0 dagger and wearing a +0 robe (heavily wounded, fast)
You miscast Magic Dart.
You are very lightly contaminated with residual magic.
Nothing appears to happen.
Aim: an orc wizard, wielding a +0 dagger and wearing a +0 robe (heavily wounded, fast)
The magic dart hits the orc wizard.
The orc wizard points at you and mumbles some strange words.
You resist with some effort.
Aim: an orc wizard, wielding a +0 dagger and wearing a +0 robe (severely wounded, fast)
The magic dart hits the orc wizard.
You kill the orc wizard!
You start resting.
Things that are here:
a +0 dagger; a +0 leather armour
Things that are here:
a +0 dagger; a +0 robe Your magical contamination has completely faded away.
Items here: )) [ † a +0 whip; a +0 leather armour; a +0 hunting sling; an orc corpse
Found a stone staircase leading up.
Q - 60 stones (gained 1)
An orc comes into view. It is wielding a +0 club.
An orc is nearby!
Aim: an orc, wielding a +0 club and wearing a +0 leather armour (hasn't noticed you)
The magic dart hits the orc.
The orc shouts!
A centaur comes into view.
Aim: an orc, wielding a +0 club and wearing a +0 leather armour (moderately wounded)
The magic dart hits the orc.
The centaur shouts!
Aim: an orc, wielding a +0 club and wearing a +0 leather armour (severely wounded)
The magic dart hits the orc but does no damage.
The centaur wields a cursed -1 shortbow.
The centaur shoots an arrow.
The arrow hits you.
The centaur shoots an arrow.
The arrow hits you but does no damage.
Items here: ( )) [ † an arrow; a +0 whip; a +0 leather armour; a +0 hunting sling; an orc corpse The centaur shoots an arrow.
The arrow closely misses you.
The centaur shoots an arrow.
The arrow hits you!
* * * LOW HITPOINT WARNING * * *
You see here 2 arrows.
The centaur shoots an arrow.
The arrow hits you.
* * * LOW HITPOINT WARNING * * *
You see here an arrow.
The centaur shoots an arrow.
The arrow barely misses you.
You see here an arrow.
You start resting.
The orc is too close now for your liking.
Aim: an orc, wielding a +0 club and wearing a +0 leather armour (heavily wounded)
The magic dart hits the orc but does no damage.
The orc barely misses you.
Aim: an orc, wielding a +0 club and wearing a +0 leather armour (heavily wounded)
The magic dart hits the orc.
You kill the orc!
The centaur shoots an arrow.
The arrow hits you!
* * * LOW HITPOINT WARNING * * *
The centaur shoots an arrow.
The arrow hits you but does no damage.
Items here: ( ) [ † a +0 club; a +0 leather armour; 3 arrows; an orc corpse The centaur hits you with a cursed -1 shortbow.
* * * LOW HITPOINT WARNING * * *
Unknown command.
Aim: a centaur, wielding a -1 shortbow and quivering 15 arrows The magic dart hits the centaur.
The centaur hits you but does no damage.
Aim: a centaur, wielding a -1 shortbow and quivering 15 arrows (lightly wounded)
You miscast Magic Dart.
You are very lightly contaminated with residual magic.
Nothing appears to happen.
The centaur hits you with a cursed -1 shortbow.
* * * LOW HITPOINT WARNING * * *
The centaur hits you with a cursed -1 shortbow.
You die...

## . #####....(..# .## .#
##...##......# .. .(##.#
##.....#.#(...# ... ..#..#
#..........##.##... ....#
#.......#(.........
...#####.....).#..........
..............##(.........
...#####.......#..........
>..## #......))@c........
....####.......##.........
.........................#
...#######...#..........##
..........!....##...<..##
...##############....###
...#### #...####
......#########.###
..###.........#.#


You could see a centaur.

Levels and vault maps discovered:
D:1:      heliophobic_arrival_battle_scene, layout_basic
D:2:      layout_loops_cross, first_ration
D:3:      minmay_chambers_of_threes, layout_rooms

Notes
Turn   | Place    | Note
-------+----------+-------------------------------------------
     0 | D:1      | drasked the Mummy Wizard began the quest for the Orb.
     0 | D:1      | Reached XP level 1. HP: 13/13 MP: 5/5
   113 | D:1      | Reached skill level 1 in Conjurations
   216 | D:1      | Identified a +0 dagger
   571 | D:1      | Reached XP level 2. HP: 19/19 MP: 4/7
   635 | D:1      | Identified a +0 club
   706 | D:1      | Identified a cursed +0 pair of boots (You found it on level
                  | 1 of the Dungeon)
   716 | D:1      | Identified a cursed +0 robe (You found it on level 1 of the
                  | Dungeon)
   841 | D:1      | Identified a +0 short sword
   843 | D:1      | Identified a cursed +0 club
  1107 | D:1      | Identified an amulet of magic regeneration (You found it on
                  | level 1 of the Dungeon)
  1108 | D:1      | Identified a ring of protection (You found it on level 1 of
                  | the Dungeon)
  1153 | D:2      | Identified a +0 dagger
  1155 | D:2      | Reached skill level 2 in Conjurations
  1181 | D:2      | Noticed a crimson imp
  1373 | D:2      | Killed a crimson imp
  1373 | D:2      | Reached XP level 3. HP: 19/24 MP: 1/8
  1580 | D:2      | Reached skill level 3 in Conjurations
  1627 | D:2      | Identified a +0 club
  1633 | D:2      | Identified a +0 club
  2004 | D:2      | Identified a +0 rapier (You found it on level 2 of the
                  | Dungeon)
  2048 | D:3      | Identified a +0 dagger
  2101 | D:3      | Identified a +0 club
  2102 | D:3      | Reached XP level 4. HP: 30/30 MP: 7/10
  2176 | D:3      | Identified a +0 hunting sling
  2194 | D:3      | Identified a +0 dagger
  2194 | D:3      | Identified a +0 robe
  2194 | D:3      | Identified a +0 whip
  2194 | D:3      | Identified a +0 leather armour
  2200 | D:3      | Identified a +0 dagger
  2200 | D:3      | Identified a +0 leather armour
  2264 | D:3      | Identified a +0 club
  2264 | D:3      | Identified a +0 leather armour
  2265 | D:3      | Identified a cursed -1 shortbow
  2265 | D:3      | Noticed a centaur
  2282 | D:3      | HP: 6/30 [centaur/arrow (8)]
  2283 | D:3      | HP: 2/30 [centaur/cursed -1 shortbow (4)]
  2285 | D:3      | Slain by a centaur

Table legend:
 A = Turns spent in this place as a percentage of turns spent in the entire game.
 B = Non-inter-level travel turns spent in this place as a percentage of non-inter-level travel turns spent in the entire game.
 C = Inter-level travel turns spent in this place as a percentage of turns spent in this place.
 D = Turns resting spent in this place as a percentage of non-inter-level travel turns spent in this place.
 E = Turns spent auto-exploring this place as a percentage of non-inter-level travel turns spent in this place.
 F = Non-inter-level travel turns spent in this place divided by the number of levels of this place that you've seen.
                   A       B       C       D       E      F
               +-------+-------+-------+-------+-------+----------------------
         Total | 100.0 | 100.0 |   2.1 |  20.7 |  59.5 | 745.7
       Dungeon | 100.0 | 100.0 |   2.1 |  20.7 |  59.5 | 745.7
               +-------+-------+-------+-------+-------+----------------------

Table legend:
 A = Kills in this place as a percentage of kills in entire the game.
 B = Kills by you in this place as a percentage of kills by you in the entire game.
 C = Kills by friends in this place as a percentage of kills by friends in the entire game.
 D = Other kills in this place as a percentage of other kills in the entire game.
 E = Experience gained in this place as a percentage of experience gained in the entire game.
 F = Experience gained in this place divided by the number of levels of this place that you have seen.
                   A       B       C       D       E      F
               +-------+-------+-------+-------+-------+----------------------
         Total | 100.0 | 100.0 |   N/A |   N/A | 100.0 |  52.3
       Dungeon | 100.0 | 100.0 |   N/A |   N/A | 100.0 |  52.3
               +-------+-------+-------+-------+-------+----------------------

Skill      XL: |  1  2  3 |
---------------+----------+-----
Conjurations   | 1 2 3 |  3.7
Dodging        | |  1.5
Stealth        | |  1.5
Spellcasting   | |  4.0
Summonings     | |  0.7
Translocations | |  0.7

Action                   |  1- 3 |  4- 6 || total
-------------------------+-------+-------++-------
Melee: Dagger            |    67 |       ||    67
Throw: Javelin           |     7 |       ||     7
       Stone             |     2 |     1 ||     3
       Throwing net      |     1 |       ||     1
 Cast: Magic Dart        |   129 |    32 ||   161
Armor: Robe              |    38 |     2 ||    40
Dodge: Dodged            |    65 |     5 ||    70

Vanquished Creatures
  A crimson imp (D:2)
  An orc wizard (D:3)
  2 leopard geckos
  5 orcs (D:3)
  A giant cockroach (D:3)
  4 goblins (D:2)
  5 hobgoblins
  4 jackals (D:2)
  A ball python (D:1)
  4 bats
  3 frilled lizards (D:1)
  6 kobolds
  4 rats
41 creatures vanquished.
